 Dungeon Crawl Stone Soup version 0.24.0-13-gcf9b319 (webtiles) character file.

Game seed: 12775358821534293125, levelgen mode: deterministic

88 Fang the Shield-Bearer (level 4, -3/29 HPs)
             Began as a Gargoyle Fighter on Dec 20, 2019.
             Killed by nerve-wracking pain
             ... invoked by an orc priest
              (6 damage)
             ... on level 3 of the Dungeon.
             The game lasted 00:01:32 (2007 turns).

Fang the Shield-Bearer (Gargoyle Fighter)           Turns: 2007, Time: 00:01:34

Health: -3/29      AC: 12    Str: 20    XL:     4   Next: 53%
Magic:  4/4        EV:  7    Int: 12    God:
Gold:   84         SH:  9    Dex:  9    Spells: 3/3 levels left

rFire    . . .     SeeInvis .   a - +0 war axe
rCold    . . .     Gourm    .   c - +0 shield
rNeg     + . .     Faith    .   b - +0 scale mail
rPois    ∞         Spirit   .   s - +1 helmet {Int+3}
rElec    +         Reflect  .   (no cloak)
rCorr    .         Harm     .   (no gloves)
MR       +....                  (no boots)
Stlth    ..........             (no amulet)
HPRegen  0.09/turn              q - ring of protection from magic
MPRegen  0.09/turn              (no ring)

@: no status effects
A: negative energy resistance 1, electricity resistance, unbreathing,
petrification resistance, rot immunity, AC +3
a: no special abilities


You were on level 3 of the Dungeon.
You were not hungry.

You visited 1 branch of the dungeon, and saw 3 of its levels.

You collected 84 gold pieces.

Inventory:

Hand Weapons
 a - a +0 war axe (weapon)
Armour
 b - a +0 scale mail (worn)
 c - a +0 shield (worn)
 n - a +1 hat
 s - a +1 helmet of intelligence (worn)
Jewellery
 q - a ring of protection from magic (left hand)
Wands
 g - a wand of flame (23)
Scrolls
 e - 2 scrolls of teleportation {unknown}
 j - 3 scrolls of identify {unknown}
 k - a scroll of remove curse {unknown}
 m - a scroll of fear {unknown}
 o - a scroll of immolation {unknown}
 p - a scroll of blinking {unknown}
Potions
 d - a potion of might
 h - a potion of magic {unknown}
 i - 3 potions of curing {unknown}
 l - a potion of heal wounds {unknown}
Comestibles
 f - 5 rations
 r - 6 chunks of flesh


   Skills:
 + Level 4.0 Fighting
 + Level 2.5 Axes
 + Level 4.0 Armour
 + Level 4.0 Shields


You had 3 spell levels left.
You didn't know any spells.
Your spell library was empty.

Dungeon Overview and Level Annotations

Branches:
Dungeon (3/15)

Altars:


Innate Abilities, Weirdness & Mutations

You are resistant to torment.
Your stone body is resilient. (AC +3)
You are immune to poison.
You resist negative energy. (rN+)
You are resistant to electric shocks. (rElec)
You can survive without breathing.
You are immune to petrification.
You are immune to rotting.


Message History

The orc barely misses you.
You slash the orc wizard!
You kill the orc wizard!
Your Fighting skill increases to level 4!
Your Armour skill increases to level 4!
Your Shields skill increases to level 4!
You hit the orc priest.
Your shield and scale mail prevent you from hitting the orc.
You hit the orc.
You kill the orc!
Your shield prevents you from hitting something.
The orc priest hits you with a +0 hand axe of freezing.
The orc priest freezes you. Something hits you but does no damage.
The orc priest invokes the aid of Beogh against you.
Beogh smites you!
* * * LOW HITPOINT WARNING * * *
The orc hits you but does no damage.
The orc priest invokes the aid of Beogh against you.
Pain shoots through your body!
You die...

......# #........#
......# #........#
.##..## #........#
###...# #........#
#...#########.........
#...#............####.
...#########.)#
#.....)...####.
..8...8@)......
.....o.oo..#...
...........# #.#
..........(.. #
..8...8........
#..........###.
########...# ....


You could see 2 orc priests and an orc.

Vanquished Creatures
  An orc wizard (D:3)
  2 adders
  A dart slug (D:1)
  A leopard gecko (D:1)
  3 orcs (D:3)
  5 bats
  4 giant cockroaches
  6 goblins (D:1)
  4 hobgoblins
  A ball python (D:1)
  4 frilled lizards
  A kobold (D:2)
  5 rats
38 creatures vanquished.

Notes
Turn   | Place    | Note
-------+----------+-------------------------------------------
     0 | D:1      | Fang the Gargoyle Fighter began the quest for the Orb.
     0 | D:1      | Reached XP level 1. HP: 14/14 MP: 1/1
    85 | D:1      | Reached XP level 2. HP: 18/19 MP: 2/2
   541 | D:1      | Reached XP level 3. HP: 22/23 MP: 3/3
  1057 | D:2      | HP: 1/24 [adder (1)]
  2004 | D:3      | Reached XP level 4. HP: 29/29 MP: 4/4
  2007 | D:3      | Killed from afar by an orc priest

Levels and vault maps discovered:
D:1:      ncdulo_smallfort, layout_loops_ring, minivault_27, chequers_big_river
D:2:      layout_basic
D:3:      cheibrodos_pilgrimage, layout_basic, yredelemnul_altar_generic,
          ebering_ghost_gozag, makhleb_blood_cavern_becter

Skill      XL: |  1  2  3  4 |
---------------+-------------+-----
Axes           | 2 |  2.5
Fighting       | 4 |  4.0
Armour         | 4 |  4.0
Shields        | 4 |  4.0

Action                   |  1- 3 |  4- 6 || total
-------------------------+-------+-------++-------
Melee: War axe           |   195 |     3 ||   198
  Eat: Chunk             |     4 |       ||     4
Armor: Scale mail        |   107 |    11 ||   118
Dodge: Dodged            |    74 |     4 ||    78
Block: Shield            |   116 |     4 ||   120
